 Dungeon Crawl Stone Soup version 0.29-a0-334-gb41bcbb86e (webtiles) character file.

Game seed: 1060668983516893391

100 spaghetti the Changer (level 4, -3/37 HPs)
             Began as a Deep Dwarf Transmuter on Apr 15, 2022.
             Slain by a gnoll
             ... wielding a +0 spear
              (6 damage)
             ... on level 2 of the Dungeon.
             The game lasted 00:03:44 (1231 turns).

spaghetti the Changer (Deep Dwarf Transmuter)       Turns: 1231, Time: 00:03:45

Health: -3/37      AC:  2    Str: 13    XL:     4   Next: 47%
Magic:  3/6        EV: 12    Int: 16    God:
Gold:   97         SH:  0    Dex: 13    Spells: 3/6 levels left

rFire   . . .      SeeInvis .   p - +1 long sword (holy) {long}
rCold   . . .      Faith    .   (no shield)
rNeg    . . .      Spirit   .   a - +0 robe
rPois   .          Reflect  .   (helmet currently unavailable)
rElec   .          Harm     .   (no cloak)
rCorr   .          Rampage  .   (no gloves)
Will    .....                   (boots currently unavailable)
Stlth   +.........              (no amulet)
HPRegen 0.00/turn               (no ring)
MPRegen 0.10/turn               (no ring)

@: appendages, wereblooded
A: horns 2, talons 2, damage resistance, heal wounds, sense surroundings 1, no
regeneration
a: Heal Wounds, End Transformation


You were on level 2 of the Dungeon.
You had temporarily grown beastly horns and talons.
You visited 1 branch of the dungeon, and saw 2 of its levels.

You collected 97 gold pieces.


Innate Abilities, Weirdness & Mutations

You have temporarily grown beastly horns and talons.
You are resistant to damage.
You can heal yourself by infusing magical energy.
You passively map a small area around you.
You do not regenerate.


   Skills:
 - Level 0.8 Fighting
 - Level 2.1 Dodging
 - Level 2.6 Unarmed Combat
 - Level 1.7 Spellcasting
 + Level 4.3 Transmutations


You had 3 spell levels left.
You knew the following spells:

 Your Spells              Type           Power      Damage    Failure   Level
a - Beastly Appendage     Tmut           30%        N/A       3%          1
b - Wereblood             Tmut           15%        N/A       5%          2

Your spell library contained the following spells:

 Spells                   Type           Power      Damage    Failure   Level
 Spider Form              Tmut/Pois      8%         N/A       26%         3
 Static Discharge         Conj/Air       1%         N/A       32%         2
 Sublimation of Blood     Necr           1%         N/A       32%         2
 Ice Form                 Ice/Tmut       8%         N/A       65%         4
 Dispel Undead            Necr           1%         3d6       91%         4
 Sticky Flame             Conj/Fire      1%         2d3       91%         4
 Summon Hydra             Summ           0%         N/A       100%        7

Inventory:

Hand Weapons
 d - a +0 dagger {short}
   (You took it off a hobgoblin on level 1 of the Dungeon)
 e - a +0 dagger {short}
   (You took it off a kobold on level 1 of the Dungeon)
 h - a +0 club {mace}
   (You took it off a goblin on level 1 of the Dungeon)
 i - a +0 dagger {short}
   (You took it off a goblin on level 1 of the Dungeon)
 l - a +0 dagger of draining {short}
   (You took it off a goblin on level 1 of the Dungeon)
 p - a +1 long sword of holy wrath (weapon) {long}
   (You found it on level 2 of the Dungeon)
Missiles
 f - 38 stones {throwing}
 o - 6 poisoned darts {throwing}
Armour
 a - a +0 robe (worn)
Scrolls
 c - a scroll of fog {unknown}
 g - 4 scrolls of identify {unknown}
 j - a scroll of amnesia {unknown}
 m - a scroll of teleportation {unknown}
Potions
 b - 2 potions of lignification {!q}
 k - 2 potions of curing {unknown}
 n - a potion of cancellation {unknown}

Dungeon Overview and Level Annotations

Branches:
Dungeon (2/15)

Altars:

* * #.#.#..# #.##
#.#.<..#
#.##.#.#....#
#.##.#.##.#.#
#.##......#.#
#.####รท##.#.# #g#
#.##"#.###### #)#
#.####....... #@#
#.####.#..... #.#
#.#.......... #.#
#.#.##...####
##.####.#.)..).....
#.........)#.#####.
#######.##.#.....#.
#.#..#..##.#.
#.#.##..#..#.
#.#.##..#..#.


You could see a gnoll.


Message History

* * * LOW HITPOINT WARNING * * *
๐Ÿ˜จ HP[-1]
You take 1 damage, and now have 16/37 hp.
You hit the adder. Your kick misses the adder. The adder misses you.
The adder barely misses you.
You barely miss the adder. You claw the adder. You headbutt the adder.
You feel a bit better.
You kill the adder! ๐Ÿ˜จ HP[+2]
You regained 2 hp, and now have 18/37 hp.
Unknown command.
Your transformation is almost over.
Your primal bloodlust is almost over.
Your horns disappear.
Your talons disappear.
You howl as the wereblood boils in your veins!
You howl as the wereblood boils in your veins!
Your primal bloodlust has ended.
A bat comes into view. ๐Ÿ˜จ MP[+3]
You regained 3 mp, and now have 5/6 mp.
A bat is nearby!
A bat is nearby!
A bat is nearby!
Casting: Wereblood (safe; 5% risk of failure)
Confirm with . or Enter, or press ? or * to list all spells.
You grow a pair of large bovine horns.
Your feet morph into talons.
The bat barely misses you. The bat closely misses you. ๐Ÿ˜จ MP[-1]
You lost 1 mp, and now have 4/6 mp.
Casting: Beastly Appendage (safe; 3% risk of failure)
Confirm with . or Enter, or press ? or * to list all spells.
Your blood is infused with primal strength.
The bat completely misses you. ๐Ÿ˜จ MP[-2]
You lost 2 mp, and now have 2/6 mp.
Your transformation is almost over.
The bat barely misses you.
The bat hits you but does no damage. ๐Ÿ˜จ MP[+1]
The bat barely misses you. The bat hits you but does no damage.
You closely miss the bat. The bat hits you but does no damage.
The bat misses you.
Unknown command.
The bat barely misses you.
You miss the bat. You claw the bat.
You feel a bit better.
You kill the bat! ๐Ÿ˜ฎ HP[+1] Unknown command.
Your horns disappear.
Your talons disappear.
You howl as the wereblood boils in your veins!
Your primal bloodlust is almost over.
Your primal bloodlust has ended.
Things that are here:
a +0 whip {mace}; a gnoll corpse; ๐Ÿ˜ฎ MP[+3]
Your mp is fully restored (6).
You now have 84 gold pieces (gained 20).
Things that are here:
a +0 whip {mace}; a gnoll corpse You now have 97 gold pieces (gained 13).
You see here a +0 halberd {polearm}.
A gnoll comes into view. It is wielding a +0 flail.
A gnoll is nearby!
A gnoll comes into view. It is wielding a +0 halberd.
The gnoll shouts! x2; You hear a shout!
A gnoll comes into view. It is wielding a +0 spear.
The gnoll shouts!
Casting: Wereblood (safe; 5% risk of failure)
Confirm with . or Enter, or press ? or * to list all spells.
Your blood is infused with primal strength. ๐Ÿ˜ฎ MP[-2]
You lost 2 mp, and now have 4/6 mp.
Casting: Wereblood (safe; 5% risk of failure)
Confirm with . or Enter, or press ? or * to list all spells.
You grow a pair of large bovine horns.
Your feet morph into talons. ๐Ÿ˜ฎ MP[-1]
You lost 1 mp, and now have 3/6 mp.
You slash the gnoll! Your kick misses the gnoll. The gnoll barely misses you.
The gnoll closely misses you. The gnoll barely misses you.
You hit the gnoll.
You feel a bit better.
You kill the gnoll!
The gnoll barely misses you. ๐Ÿ˜ฎ HP[+1]
The gnoll hits you from afar with a +0 spear.
* * * LOW HITPOINT WARNING * * *
The gnoll closely misses you.
You see here a +0 flail {mace}. ๐Ÿ˜จ HP[-3]
You take 3 damage, and now have 17/37 hp.
You closely miss the gnoll. Your kick misses the gnoll.
You howl as the wereblood boils in your veins!
The gnoll hits you from afar with a +0 spear.
* * * LOW HITPOINT WARNING * * *
The gnoll hits you with a +0 halberd!
* * * LOW HITPOINT WARNING * * *
๐Ÿ˜ฑ HP[-15]
You take 15 damage, and now have 2/37 hp.
MASSIVE DAMAGE!! (PAUSE)
You slash the gnoll! You headbutt the gnoll.
You feel a bit better.
You kill the gnoll!
The gnoll hits you from afar with a +0 spear!
You die...

Skill      XL: |  1  2  3 |
---------------+----------+-----
Transmutations | 2 3 4 |  4.3
Fighting       | |  0.8
Dodging        | |  2.1
Unarmed Combat | |  2.6
Spellcasting   | |  1.7

Action                   |  1- 3 |  4- 6 || total
-------------------------+-------+-------++-------
Melee: Unarmed           |    39 |       ||    39
       Kick              |    23 |     3 ||    26
       Dagger            |    61 |       ||    61
       Headbutt          |    10 |     3 ||    13
       Long sword        |    14 |    13 ||    27
       Punch             |     1 |       ||     1
 Cast: Beastly Appendage |    23 |     3 ||    26
       Wereblood         |    13 |     3 ||    16
Armor: Robe              |    16 |     4 ||    20
Dodge: Dodged            |    70 |    17 ||    87

Levels and vault maps discovered:
D:1:      grunt_arrival_crossed_arrows, layout_rooms,
          chequers_serial_rivers_room_a, minmay_vboxes
D:2:      layout_basic, basic_altar, kennysheep_nub

Notes
Turn   | Place    | Note
-------+----------+-------------------------------------------
     0 | D:1      | spaghetti the Deep Dwarf Transmuter began the quest for the
                  | Orb.
     0 | D:1      | Reached XP level 1. HP: 16/16 MP: 3/3
     0 | D:1      | magus.rc [v1.9.6]
    13 | D:1      | Reached skill level 2 in Transmutations
    28 | D:1      | You pick up a book of Blood and begin reading...
    28 | D:1      | You add the spells Sublimation of Blood and Summon Hydra to
                  | your library.
    99 | D:1      | Reached XP level 2. HP: 16/24 MP: 2/4
   146 | D:1      | Learned a level 2 spell: Wereblood
   164 | D:1      | You pick up a book of Touch and begin reading...
   164 | D:1      | You add the spells Static Discharge, Sticky Flame and
                  | Dispel Undead to your library.
   306 | D:1      | Reached skill level 3 in Transmutations
   448 | D:1      | Reached XP level 3. HP: 27/28 MP: 1/5
  1119 | D:2      | Reached skill level 4 in Transmutations
  1119 | D:2      | Reached XP level 4. HP: 18/37 MP: 3/6
  1230 | D:2      | HP: 2/37 [gnoll/+0 halberd (11)]
  1231 | D:2      | Slain by a gnoll

Vanquished Creatures
  2 adders (D:2)
  5 gnolls (D:2)
  2 worms (D:2)
  3 ball pythons (D:1)
  8 goblins (D:1)
  7 hobgoblins (D:1)
  6 bats
  A frilled lizard (D:1)
  2 kobolds (D:1)
  6 rats (D:1)
42 creatures vanquished.

Table legend:
 A = Non-vault XP
 B = Vault XP
 C = Vault XP percentage of total XP
 D = Non-vault monster count
 E = Vault monster count
 F = Vault count percentage of total count
                 A         B        C        D         E       F
            +---------+---------+-------+---------+---------+-------
      Total |     142 |      17 |  10.7 |      33 |       9 |  21.4
            +---------+---------+-------+---------+---------+-------
        D:1 |      32 |      17 |  34.7 |      22 |       9 |  29.0
        D:2 |     110 |       0 |   0.0 |      11 |       0 |   0.0
            +---------+---------+-------+---------+---------+-------

Illustrated notes

Table legend:
 A = Kills in this place as a percentage of kills in entire the game.
 B = Kills by you in this place as a percentage of kills by you in the entire game.
 C = Kills by friends in this place as a percentage of kills by friends in the entire game.
 D = Other kills in this place as a percentage of other kills in the entire game.
 E = Experience gained in this place as a percentage of experience gained in the entire game.
 F = Experience gained in this place divided by the number of levels of this place that you have seen.
                   A       B       C       D       E      F
               +-------+-------+-------+-------+-------+----------------------
         Total | 100.0 | 100.0 |   N/A |   N/A | 100.0 |  79.5
       Dungeon | 100.0 | 100.0 |   N/A |   N/A | 100.0 |  79.5
               +-------+-------+-------+-------+-------+----------------------

Table legend: (Time is in decaauts)
 A = Elapsed time spent in this place.
 B = Non-inter-level travel time spent in this place.
 C = Inter-level travel time spent in this place.
 D = Time resting spent in this place.
 E = Time spent auto-exploring this place.
 F = Levels seen in this place.
 G = Mean time per level.
                   A        B        C        D        E       F      G
               +--------+--------+--------+--------+--------+-----+--------+
         Total |   1237 |   1200 |     37 |      5 |    886 |   2 |  618.5 |
       Dungeon |   1237 |   1200 |     37 |      5 |    886 |   2 |  618.5 |
               +--------+--------+--------+--------+--------+-----+--------+

Top non-repeatable levels by time:
     D:1: 922 daAuts
     D:2: 314 daAuts
